 Dungeon Crawl Stone Soup version 0.31-a0-627-gd65175cf8b (webtiles) character file.

Game seed: 3231997255754313399

123 Ijustatesigmund the Trooper (level 5, -6/34 HPs)
             Began as a Gargoyle Fighter on Aug 25, 2023.
             Was an Initiate of Cheibriados.
             Mangled by an ogre
             ... wielding a +4 giant club
              (19 damage)
             ... on level 4 of the Dungeon.
             The game lasted 00:03:51 (2706 turns).

Ijustatesigmund the Trooper (Gargoyle Fighter)      Turns: 2706, Time: 00:03:51

Health: -6/34      AC: 10    Str: 20    XL:     5   Next: 7%
Magic:  5/5        EV:  9    Int: 12    God:    Cheibriados [......]
Gold:   188        SH:  4    Dex: 10    Spells: 4/4 levels left

rFire   . . .        l - +2 mace (protect)
rCold   . . .        c - +0 buckler
rNeg    + . .        b - +0 scale mail
rPois   ∞            (no helmet)
rElec   +            (no cloak)
rCorr   .            (no gloves)
SInv    .            (no boots)
Will    .....        (no amulet) Stlth
                     (no ring)
HPRegen 0.25/turn    (no ring)
MPRegen 0.09/turn

%: no passive effects
@: mighty, very slow
A: sickness immunity, AC +4, negative energy resistance 1, electricity
resistance, torment resistance 1, petrification resistance
a: Renounce Religion


You were on level 4 of the Dungeon.
You worshipped Cheibriados.
Cheibriados was noncommittal.
You visited 1 branch of the dungeon, and saw 4 of its levels.

You collected 188 gold pieces.

Inventory:

Hand Weapons
 a - a +1 flail
 l - a +2 mace of protection (weapon)
Armour
 b - a +0 scale mail (worn)
 c - a +0 buckler (worn)
Wands
 j - a wand of charming (8)
Scrolls
 e - a scroll of amnesia
 g - a scroll of fog {unknown}
 h - 3 scrolls of teleportation
 k - a scroll of blinking
 n - a scroll of identify
Potions
 d - a potion of might
 f - 2 potions of brilliance
 i - a potion of enlightenment
 m - a potion of lignification
 p - a potion of invisibility {unknown}
 q - a potion of curing {unknown}


   Skills:
 + Level 4.9 Fighting
 + Level 3.8 Maces & Flails
 - Level 3.2 Armour
 - Level 3.2 Shields
 + Level 0.1 Invocations
 + Level 0.0 Evocations


You had 4 spell levels left.
You didn't know any spells.
Your spell library was empty.

Dungeon Overview and Level Annotations

Branches:
Dungeon (4/15)
 Temple: D:4-7

Altars:
Ashenzari
Cheibriados
Dithmenos
Uskayaw
Vehumet

Annotations:
D:4 1 transporter


Innate Abilities, Weirdness & Mutations

You are immune to sickness and miasma.
Your stone body is resilient. (AC +4)
You are immune to poison.
You resist negative energy. (rN+)
You are resistant to electric shocks. (rElec)
You are resistant to unholy torment.
You are immune to petrification.


Message History

GordonOverkill's ghost turns its malevolent gaze towards you.
Found a book of Armaments.
Found a transporter.
Found a fuming white potion.
There is a transporter here.
You enter the transporter and appear at another place.
You feel very mighty all of a sudden.
Aiming: Charm
Press: ? - help, Shift-Dir - straight line, f - GordonOverkill's ghost
Aim: GordonOverkill's ghost (chance to affect: 61%) GordonOverkill's ghost is charmed.
What are your orders? t - Shout!
Orders for allies: a - Attack new target. p - Attack previous target. r - Retreat! s - Stop attacking. g - Guard the area. f - Follow me.
Anything else - Cancel.
Gang up on whom?
Press: ? - help, Dir - move target, f - ogre, p - GordonOverkill's ghost
Aim: an ogre, wielding a +4 giant club Attack!
The ogre closely misses GordonOverkill's ghost.
GordonOverkill's ghost hits the ogre.
The ogre hits GordonOverkill's ghost with a +4 giant club!!
GordonOverkill's ghost is destroyed!
The ogre hits you with a +4 giant club!!
Ouch! That really hurt!
You are too injured to fight recklessly!
You are too injured to fight recklessly!
You are too injured to fight recklessly!
You are too injured to fight recklessly!
You are too injured to fight recklessly!
You are too injured to fight recklessly!
You are too injured to fight recklessly!
You are too injured to fight recklessly!
You are too injured to fight recklessly!
You barely miss the ogre.
The ogre is lightly wounded.
The ogre hits you with a +4 giant club!!
Ouch! That really hurt!
You die...

#...... ####
##...... ########.!#
#..(.... #.....©#..#
#....... #.#..#.#..#
#....... #..##..#..#
#....... #..##).#.:#
#.....).
#.#..#.#©.###.......
#©.@O.%#...##.......
#.#..#$#©...........
#..##..#..###.......
#..##..#..# #.......
#.#..#.#..# #.......
#......#..# #.......
########..# #..[....
##### ########


You could see an ogre.

Vanquished Creatures
  A mummy (D:4)
  3 adders
  An ufetubus (D:4)
  A worm (D:2)
  A dart slug (D:2)
  An orc (D:3)
  5 ball pythons
  7 bats
  7 endoplasms
  A giant cockroach (D:1)
  6 goblins
  5 hobgoblins
  4 jackals (D:1)
  6 quokkas
  3 frilled lizards
  12 kobolds
  5 rats
69 creatures vanquished.

Vanquished Creatures (others)
  The ghost of GordonOverkill the Sneak, a weakling VSDe (D:4)
1 creature vanquished.

Grand Total: 70 creatures vanquished

Notes
Turn   | Place    | Note
-------+----------+-------------------------------------------
     0 | D:1      | Ijustatesigmund the Gargoyle Fighter began the quest for
                  | the Orb.
     0 | D:1      | Reached XP level 1. HP: 14/14 MP: 1/1
    87 | D:1      | Reached XP level 2. HP: 8/19 MP: 2/2
   364 | D:1      | Reached XP level 3. HP: 17/24 MP: 3/3
   365 | D:1      | Reached skill level 4 in Fighting
  1273 | D:2      | Reached XP level 4. HP: 30/30 MP: 4/4
  1567 | D:3      | Found a radiant altar of Vehumet.
  1875 | D:3      | Found a hide-covered altar of Uskayaw.
  2048 | D:3      | Found a broken altar of Ashenzari.
  2543 | D:4      | Found a snail-covered altar of Cheibriados.
  2549 | D:4      | Reached XP level 5. HP: 31/34 MP: 5/5
  2551 | D:4      | Became a worshipper of Cheibriados the Contemplative
  2585 | D:4      | Found a shadowy altar of Dithmenos.
  2684 | D:4      | Found a transporter.
  2693 | D:4      | Noticed GordonOverkill's ghost (weakling VSDe)
  2694 | D:4      | Found a transporter.
  2696 | D:4      | Noticed an ogre
  2703 | D:4      | Your ally GordonOverkill's ghost died
  2706 | D:4      | Mangled by an ogre

Illustrated notes

Levels and vault maps discovered:
D:1:      dpeg_arrival_simpleton_b, layout_basic
D:2:      layout_loops_cross
D:3:      layout_basic, eat_drink_and_be_merry_uskayaw,
          mainiacjoe_overflow_alcove_1, fiery_altar_vehumet,
          serial_bayou_crossing
D:4:      layout_basic, nicolae_dithmenos_the_darkroom, chei_slow_surprise,
          minmay_temple_entry_fiery, gammafunk_ghost_smash

Skill      XL: |  1  2  3 |
---------------+----------+-----
Fighting       | 4 |  4.9
Maces & Flails | 3 |  3.8
Armour         | |  3.2
Shields        | |  3.2
Invocations    | |  0.1

Action                     |  1- 3 |  4- 6 || total
---------------------------+-------+-------++-------
  Melee: Flail             |   158 |    83 ||   241
         Mace              |       |     4 ||     4
  Evoke: Wand              |       |     1 ||     1
    Use: Scroll            |       |    11 ||    11
         Potion            |       |     1 ||     1
 Armour: Scale mail        |   120 |    59 ||   179
  Dodge: Dodged            |    89 |    46 ||   135
  Block: Buckler           |    46 |    24 ||    70

Table legend: (Time is in decaauts)
 A = Elapsed time spent in this place.
 B = Non-inter-level travel time spent in this place.
 C = Inter-level travel time spent in this place.
 D = Time resting spent in this place.
 E = Time spent auto-exploring this place.
 F = Levels seen in this place.
 G = Mean time per level.
                   A        B        C        D        E       F      G
               +--------+--------+--------+--------+--------+-----+--------+
         Total |   2819 |   2772 |     47 |     62 |   2106 |   4 |  704.8 |
       Dungeon |   2819 |   2772 |     47 |     62 |   2106 |   4 |  704.8 |
               +--------+--------+--------+--------+--------+-----+--------+

Top non-repeatable levels by time:
     D:3: 933 daAuts
     D:1: 758 daAuts
     D:2: 735 daAuts
     D:4: 391 daAuts
